 Dungeon Crawl Stone Soup version 0.21.1-1-g345015fe64 (webtiles) character file.

26 Htamos the Skirmisher (level 3, -4/24 HPs)
             Began as a Gargoyle Berserker on July 14, 2018.
             Was a Follower of Trog.
             Slain by Natasha (7 damage)
             ... on level 1 of the Dungeon.
             The game lasted 00:01:46 (1190 turns).

Htamos the Skirmisher (Gargoyle Berserker)          Turns: 1190, Time: 00:01:48

Health: -4/24      AC:  8    Str: 20    XL:     3   Next: 8%
Magic:  3/3        EV: 11    Int:  7    God:    Trog [*.....]
Gold:   95         SH:  0    Dex: 10    Spells: 2/2 levels left

rFire    . . .     SeeInvis .   a - +0 mace
rCold    . . .     Gourm    .   (no shield)
rNeg     + . .     Faith    .   n - +0 ring mail
rPois    ∞         Spirit   .   (no helmet)
rElec    +         Reflect  .   p - scarf {cloud immunity}
rCorr    .         Harm     .   (no gloves)
MR       .....                  (no boots)
Stlth    ..........             (no amulet)
HPRegen  0.08/turn              (no ring)
MPRegen  0.08/turn              (no ring)

@: slowed, very slow
A: negative energy resistance 1, electricity resistance, unbreathing,
petrification resistance, rot immunity, AC +3
a: Berserk, Burn Spellbooks, Renounce Religion


You were on level 1 of the Dungeon.
You worshipped Trog.
Trog was aware of your devotion.
You were very hungry.

You visited 1 branch of the dungeon, and saw 2 of its levels.

You collected 95 gold pieces.

Inventory:

Hand Weapons
 a - a +0 mace (weapon)
Armour
 b - a +0 animal skin
 n - a +0 ring mail (worn)
 p - a scarf of cloud immunity (worn)
Jewellery
 g - a cursed ring of loudness {unknown}
 i - a +4 ring of intelligence {unknown}
Scrolls
 e - a scroll of magic mapping {unknown}
 f - a scroll of remove curse {unknown}
 h - 2 scrolls of identify {unknown}
 j - a scroll of fear {unknown}
 m - 3 scrolls of enchant weapon {unknown}
Potions
 k - a potion of curing {unknown}
 l - a potion of heal wounds
 o - a potion of resistance {unknown}
Comestibles
 c - a ration


   Skills:
 + Level 4.2 Fighting
 - Level 3.1 Maces & Flails
 - Level 2.3 Armour
 - Level 1.7 Dodging


You had 2 spell levels left.
You didn't know any spells.

Dungeon Overview and Level Annotations

Branches:
Dungeon (2/15)

Altars:

Annotations:
D:1 Natasha


Innate Abilities, Weirdness & Mutations

You are resistant to torment.
Your stone body is resilient. (AC +3)
You are immune to poison.
You resist negative energy. (rN+)
You are resistant to electric shocks. (rElec)
You can survive without breathing.
You are immune to petrification.
You are immune to rotting.


Message History

The magic dart hits you! The white imp closely misses you.
Natasha howls an incantation.
You feel disoriented.
Natasha casts a spell.
You hit Natasha but do no damage.
Natasha is severely wounded.
The white imp gestures at you. The puff of frost misses you.
Natasha barely misses you. The white imp gestures at you.
The puff of frost hits you!
* * * LOW HITPOINT WARNING * * *
Natasha misses you.
You barely miss Natasha.
Natasha is severely wounded.
The white imp hits you but does no damage.
Natasha claws you!
* * * LOW HITPOINT WARNING * * *
The white imp hits you but does no damage.
Natasha claws you!
You die...

#.# #.# #.# ##.#
#.#######.### #..#
#..†........# #.##
#########.#.# #.#
#.#.## #.#
#....#############
#.#
#.#55............#
#.#
#.5#h###########.#
#.# #.#@## #.# #.#
#.### #########.#
#.# ##.##
#.......÷.# #.#
#...# #.......###
#.# #.#.##
#######.# #.#
#....#######....#
#.#
#.##.#..........#
#.#
#.##.#.####.##..#
#.#
#.##.#.#<.#.##..#


You could see an iron imp, Natasha and a white imp.

Vanquished Creatures
  A dart slug (D:1)
  A leopard gecko (D:1)
  2 giant cockroaches (D:1)
  2 goblins (D:1)
  2 hobgoblins (D:1)
  3 bats (D:1)
  5 frilled lizards (D:1)
  3 kobolds (D:1)
  7 rats (D:1)
26 creatures vanquished.

Notes
Turn   | Place    | Note
-------+----------+-------------------------------------------
     0 | D:1      | Htamos the Gargoyle Berserker began the quest for the Orb.
     0 | D:1      | Reached XP level 1. HP: 14/14 MP: 1/1
   201 | D:1      | Reached XP level 2. HP: 18/19 MP: 2/2
   701 | D:1      | Reached skill level 4 in Fighting
   771 | D:1      | Reached ** piety under Trog
   771 | D:1      | Reached XP level 3. HP: 22/24 MP: 3/3
  1161 | D:2      | Noticed Natasha
  1190 | D:1      | Slain by Natasha

Skill      XL: |  1  2 |
---------------+-------+-----
Fighting       | 4 |  4.2
Maces & Flails | |  3.1
Armour         | |  2.3
Dodging        | |  1.7

Action                   || total
-------------------------++-------
Melee: Mace              ||   117
  Use: Potion            ||     1
Armor: Animal skin       ||    21
       Ring mail         ||    20
Dodge: Dodged            ||    96
